 Dungeon Crawl Stone Soup version 0.19-a0-28-g8794423 (webtiles) character file.

233 CyborgNinja the Skirmisher (level 5, 44/44 HPs)
             Began as a Demonspawn Monk on May 2, 2016.
             Quit the game on level 3 of the Dungeon.
             The game lasted 00:04:25 (2512 turns).

CyborgNinja the Skirmisher (Demonspawn Monk)        Turns: 2512, Time: 00:04:25

Health: 44/44      AC:  3    Str: 12    XL:     5   Next: 74%
Magic:  5/5        EV: 14    Int: 13    God:
Gold:   153        SH:  0    Dex: 16    Spells: 0 memorised, 4 levels left

rFire  . . .     SeeInvis .       - Unarmed
rCold  . . .     Gourm    .     a - +0 robe
rNeg   . . .     Faith    .     (no shield)
rPois  .         Spirit   .     (helmet restricted)
rElec  .         Dismiss  .     (no cloak)
rCorr  .         Reflect  .     (no gloves)
SustAt .         Harm     .     (no boots)
MR     .....                    (no amulet)
Stlth  ++........               (no ring)
                                (no ring)

@: not resistant to hostile enchantments, unstealthy
A: antennae 1, molten scales 1, clever 1, regeneration 1, spiny 1, no device
heal 1
a: no special abilities


You were on level 3 of the Dungeon.
You were not hungry.

You visited 1 branch of the dungeon, and saw 3 of its levels.

You collected 153 gold pieces.

Inventory:

Armour
 a - a +0 robe (worn)
Scrolls
 d - 2 scrolls of teleportation
 e - a scroll of random uselessness {unknown}
Potions
 c - a potion of heal wounds
 i - a potion of lignification
 j - a potion of curing
Comestibles
 b - 4 bread rations
 f - a beef jerky
 g - a meat ration


   Skills:
 + Level 5.1 Fighting
 + Level 4.2 Dodging
 - Level 1.7 Stealth
 - Level 3.9 Unarmed Combat


You had 4 spell levels left.
You didn't know any spells.

Dungeon Overview and Level Annotations

Branches:
Dungeon (3/15)

Altars:
Pakellas


Innate Abilities, Weirdness & Mutations

You have a pair of small antennae on your head.
You are partially covered in molten scales (AC +1).
You are partially covered in sharp spines.
Your mind is acute. (Int +2)
Your natural rate of healing is unusually fast.
Potions and wands are less effective at restoring your health.


Message History

No target in view!
No target in view!
No target in view!
No target in view!
No target in view!
No target in view!
No target in view!
No target in view!
No target in view!
No target in view!
No target in view!
No target in view!
No target in view!
No target in view!
No target in view!
Found a stone staircase leading up.
All of the chunks of flesh in your inventory have rotted away.
Done exploring.
Done exploring.
Are you sure you want to abandon this character and quit the game? (Confirm with "yes".)

#.......................
####.....###.#######.#####.
######............######........
#......#..#.##.####......#.#####
#.....##.(#.##.##...######.#
#.........#.......### ###
#...............###
#...........#...#
#...........#..@#
#....########...# #....# #...#
###### #...# #...# #...# #...#
#####


There were no monsters in sight!

Vanquished Creatures
  An orc wizard (D:3)
  Natasha (thrice) (D:2)
  4 adders
  A worm (D:3)
  3 dart slugs
  4 giant geckos
  2 orcs (D:3)
  2 ball pythons
  10 bats
  3 giant cockroaches
  10 hobgoblins
  10 jackals
  4 giant newts
  8 goblins
  4 kobolds
  7 rats
76 creatures vanquished.

Notes
Turn   | Place    | Note
--------------------------------------------------------------
     0 | D:1      | CyborgNinja the Demonspawn Monk began the quest for the Orb.
     0 | D:1      | Reached XP level 1. HP: 18/18 MP: 1/1
   270 | D:1      | Gained mutation: You have a pair of small antennae on your head. [demonic ancestry]
   270 | D:1      | Reached XP level 2. HP: 22/24 MP: 2/2
   736 | D:2      | Reached XP level 3. HP: 20/29 MP: 3/3
  1062 | D:2      | Reached skill level 4 in Fighting
  1089 | D:2      | Gained mutation: Your mind is acute. (Int +2) [potion of beneficial mutation]
  1093 | D:2      | Noticed Natasha
  1106 | D:2      | Killed Natasha
  1106 | D:2      | Gained mutation: You are partially covered in molten scales (AC +1). [demonic ancestry]
  1106 | D:2      | Reached XP level 4. HP: 20/37 MP: 4/4
  1213 | D:2      | Noticed Natasha
  1221 | D:2      | Killed Natasha
  1716 | D:2      | Found an oddly glowing altar of Pakellas.
  1886 | D:2      | Noticed Natasha
  1901 | D:2      | Killed Natasha
  1901 | D:2      | Gained mutation: You are partially covered in sharp spines. [demonic ancestry]
  1901 | D:2      | Reached XP level 5. HP: 20/43 MP: 5/5
  2151 | D:3      | Gained mutation: Your mind is very acute. (Int +4) [potion of mutation]
  2151 | D:3      | Gained mutation: Potions and wands are less effective at restoring your health. [potion of mutation]
  2152 | D:3      | Gained mutation: Your natural rate of healing is unusually fast. [potion of mutation]
  2152 | D:3      | Gained mutation: Scrolls take you a little longer to read. [potion of mutation]
  2152 | D:3      | Gained mutation: You tend to lose your temper in combat. [potion of mutation]
  2254 | D:3      | Reached skill level 5 in Fighting
  2398 | D:3      | Lost mutation: You tend to lose your temper in combat. [potion of cure mutation]
  2398 | D:3      | Lost mutation: Scrolls take you a little longer to read. [potion of cure mutation]
  2398 | D:3      | Lost mutation: Your mind is very acute. (Int +4) [potion of cure mutation]
  2512 | D:3      | Quit the game

Vault maps used:
D:1:      dpeg_arrival_signposts
D:2:      first_bread, grunt_pakellas_salt, uniq_natasha
D:3:      minmay_door_square

Skill      XL: |  1  2  3  4  5 |
---------------+----------------+-----
Dodging        | 3 4 |  4.2
Fighting       | 4 5 |  5.1
Stealth        | |  1.7
Unarmed Combat | |  3.9

Action                   |  1- 3 |  4- 6 || total
-------------------------+-------+-------++-------
Melee: Unarmed           |   105 |    96 ||   201
       Punch             |       |     3 ||     3
  Use: Potion            |     3 |     3 ||     6
       Scroll            |     5 |     4 ||     9
 Stab: Sleeping          |     2 |     4 ||     6
       Distracted        |     2 |       ||     2
  Eat: Chunk             |     1 |     4 ||     5
Armor: Robe              |    19 |     9 ||    28
Dodge: Dodged            |    72 |    67 ||   139
